Cogmind - Beta 9.1 @@@ ROGUE MODE // 2019.10.30 @ 01:02:09 Player: heavypress Result: Destroyed by G-34 Mercenary with Small Laser Performance ------------- Evolutions (0) 0 Regions Visited (4) 800 Robots Destroyed (16) 80 Value Destroyed (367) 367 Prototype IDs (2) 40 Alien Tech Used (0) 0 Bonus (-20) -20 TOTAL SCORE: 1267 Bonus ------- Friendly Fire -20 Cogmind --------- Core Integrity 0/250 Matter 226/300 Energy 99/100 System Corruption 2% Temperature Cool (6) Location -9/Mines Parts ------- Power (1) Propulsion (2) Utility (2) Medium Storage Unit Transport Network Coupler Weapon (2) Inventory (8) Light Ion Engine Light Nuclear Core Structural Scanner Targeting Computer Targeting Computer Light Armor Plating Peak State ------------ Power Ion Engine Propulsion Light Treads Light Treads Utility Small Storage Unit Transport Network Coupler Weapon Medium Laser Assault Rifle Inventory Light Nuclear Core Light Treads Structural Scanner Structural Scanner Structural Scanner [Rating: 7] Favorites ----------- Power Ion Engine Engine Ion Engine Propulsion Light Treads Treads Light Treads Utility Transport Network Coupler Storage Medium Storage Unit Processor Transport Network Coupler Weapon Light Assault Rifle Energy Gun Medium Laser Ballistic Gun Light Assault Rifle Launcher Grenade Launcher Build | -11 -10 -10 -10 -9 ------- Run | Scr Mat Min Exi Min Slots Evolved . | . . . . . Power . | . . . . . Propulsion . | . . . . . Utility . | . . . . . Weapon . | . . . . . Parts Attached 14 | 6 1 7 . . Power 2 | 1 . 1 . . Engine 2 | 1 . 1 . . Core . | . . . . . Reactor . | . . . . . Propulsion 4 | 2 . 2 . . Treads 4 | 2 . 2 . . Leg . | . . . . . Wheel . | . . . . . Hover . | . . . . . Flight . | . . . . . Utility 3 | 1 . 2 . . Device . | . . . . . Storage 2 | 1 . 1 . . Processor 1 | . . 1 . . Hackware . | . . . . . Protection . | . . . . . Artifact . | . . . . . Weapon 5 | 2 1 2 . . Energy Gun 1 | . 1 . . . Energy Cannon . | . . . . . Ballistic Gun 3 | 2 . 1 . . Ballistic Cannon . | . . . . . Launcher 1 | . . 1 . . Special Weapon . | . . . . . Impact Weapon . | . . . . . Slashing Weapon . | . . . . . Piercing Weapon . | . . . . . Special Melee Weapon . | . . . . . Unidentified Prototypes . | . . . . . Parts Lost 7 | . 1 1 . 5 Power 2 | . . 1 . 1 Propulsion 2 | . . . . 2 Utility . | . . . . . Weapon 3 | . 1 . . 2 Highest Loss Streak 4 | . 1 1 . 4 Average Slot Usage (%) 95 | . 85 96 100 80 Engine 13 | . 14 13 14 10 Treads 26 | . 28 28 28 15 Storage 14 | . 14 14 14 14 Processor 11 | . . 11 14 14 Energy Gun 1 | . 6 3 . . Ballistic Gun 14 | . 22 15 14 12 Launcher 11 | . . 9 14 12 Naked Turns . | . . . . . Heaviest Build 17 | 10 11 17 17 17 Greatest Support 40 | 40 40 40 40 40 Greatest Overweight (x) 2 | . . . . 2 Average Overweight (x) . | . . . . . Largest Inventory Capacity 8 | 6 6 8 8 8 Average Capacity 7 | 5 6 6 8 8 Most Carried 6 | 4 6 6 5 6 Average Carried 5 | 1 3 5 5 5 Final Capacity 8 | . . . . 8 Final Carried 6 | . . . . 6 Class Distribution -------------------- 100% | Mutant Dominant Class ---------------- Mutant | -10/Materials Mutant | -10/Mines Mutant | -10/Exiles Mutant | -9/Mines Resources | -11 -10 -10 -10 -9 ----------- Run | Scr Mat Min Exi Min Matter Collected 461 | 238 46 173 . 4 Remotely . | . . . . . Salvage Created 378 | . 51 285 . 42 Parts 22 | . 5 12 . 5 Haulers Intercepted 1 | . 1 . . . Recyclers Shooed . | . . . . . Parts Field Recycled . | . . . . . Retrieved Matter . | . . . . . Parts Self-Destructed . | . . . . . Prevented . | . . . . . Kills | -11 -10 -10 -10 -9 ------- Run | Scr Mat Min Exi Min Combat Hostiles Destroyed 9 | . 1 4 . 4 Guns 1 | . . 1 . . AOE 8 | . 1 3 . 4 Classes Destroyed 7 | . 4 1 . 2 Worker 1 | . 1 . . . Builder 2 | . . . . 2 Hauler 1 | . 1 . . . Recycler 2 | . . 2 . . Watcher 1 | . 1 . . . Swarmer 4 | . . . . 4 Grunt 5 | . 1 4 . . Best Kill Streak 4 | . 4 3 . 4 Combat Bots Only 4 | . 1 2 . 4 Max Kills in Single Turn 3 | . 3 2 . 3 Gunslinging . | . . . . . Exploded 3 | . 1 1 . 3 Melee . | . . . . . Uniques/NPCs Destroyed . | . . . . . Combat | -11 -10 -10 -10 -9 -------- Run | Scr Mat Min Exi Min Damage Taken 1269 | . 338 496 . 435 Core 259 | . 31 72 . 156 Absorbed by Shields . | . . . . . Core Remaining (%) 100 | 100 . . . . Volleys Fired 35 | . 6 16 . 13 Largest 2 | . 2 2 . 2 Hottest 70 | . 70 70 . 50 Shots Fired 64 | . 10 32 . 22 Gun 48 | . 10 25 . 13 Cannon . | . . . . . Launcher 16 | . . 7 . 9 Special . | . . . . . Kinetic 40 | . 9 18 . 13 Thermal 8 | . 1 7 . . Explosive 16 | . . 7 . 9 Electromagnetic . | . . . . . Robot Hit Streak 8 | . 3 8 . 4 Robot Miss Streak 4 | . 1 2 . 4 Penetration Max . | . . . . . Secondary Targets . | . . . . . Shots Hit Robots 37 | . 7 20 . 10 Core Hits 29 | . 6 13 . 10 Critical Hits 1 | . 1 . . . Critical Kills . | . . . . . Critical Parts Destroyed 1 | . 1 . . . Melee Attacks . | . . . . . Impact . | . . . . . Slashing . | . . . . . Piercing . | . . . . . Sneak Attacks . | . . . . . Combat Hostiles . | . . . . . Follow-up Attacks . | . . . . . Damage Inflicted 1867 | . 826 623 . 418 Guns 369 | . 82 222 . 65 Cannons . | . . . . . Explosions 1498 | . 744 401 . 353 Melee . | . . . . . Ramming . | . . . . . Kinetic 269 | . 70 134 . 65 Thermal 844 | . 756 88 . . Explosive 754 | . . 401 . 353 Electromagnetic . | . . . . . Impact . | . . . . . Slashing . | . . . . . Piercing . | . . . . . Highest Corruption 2 | . . . . 2 Average Corruption 2 | . . . . 2 Corruption Purged . | . . . . . Overload Shots . | . . . . . Overflow Damage 282 | . 188 14 . 80 Projectiles . | . . . . . Explosions 282 | . 188 14 . 80 Melee . | . . . . . Knockbacks . | . . . . . Impact . | . . . . . Kinetic . | . . . . . Secondary . | . . . . . Self-Inflicted Damage 333 | . 87 81 . 165 Shots 11 | . 1 4 . 6 Rammed 1 | . . 1 . . Targets Rammed 1 | . . 1 . . Kicked . | . . . . . Crushed . | . . . . . Highest Temperature 127 | . 18 127 . 20 Average Temperature 39 | . 8 55 . 8 Received Heat Transfer 483 | . 135 240 . 108 Siege Activations . | . . . . . Robots Corrupted . | . . . . . Combat Hostiles . | . . . . . Parts Fried . | . . . . . Impact Corruptions . | . . . . . Robots Melted . | . . . . . Combat Hostiles . | . . . . . Parts Melted 2 | . 1 1 . . Heat Transferred 796 | . 537 259 . . Parts Sabotaged . | . . . . . Parts Stolen . | . . . . . Parts Stripped . | . . . . . Power Chain Reactions . | . . . . . Missiles Intercepted . | . . . . . Alert | -11 -10 -10 -10 -9 ------- Run | Scr Mat Min Exi Min Peak Influence 206 | . 198 206 . 80 Average Influence 78 | . 90 91 . 60 Maximum Alert Level 1 | . . 1 . . Low Security (%) 98 | . . . . . Level 1 1 | . . . . . Level 2 . | . . . . . Level 3 . | . . . . . Level 4 . | . . . . . Level 5 . | . . . . . High Security . | . . . . . Max Security . | . . . . . Squads Dispatched 1 | . . . . 1 Investigation . | . . . . . Extermination . | . . . . . Reinforcement 1 | . . . . 1 Assault . | . . . . . Garrison . | . . . . . Intercept . | . . . . . Construction Impeded 1 | . . . . 1 Haulers Reinforced . | . . . . . Stealth | -11 -10 -10 -10 -9 --------- Run | Scr Mat Min Exi Min Distress Signals . | . . . . . Communications Jammed . | . . . . . Distress Signals . | . . . . . Times Spotted 24 | . 11 6 . 7 Peak Tracking Total 7 | . 7 2 . 4 Tactical Retreats 1 | . 1 . . . Traps | -11 -10 -10 -10 -9 ------- Run | Scr Mat Min Exi Min Traps Triggered . | . . . . . Indirectly . | . . . . . Trap Hack Attempts . | . . . . . Triggered . | . . . . . Disarmed . | . . . . . Reprogrammed . | . . . . . Reused . | . . . . . Traps Extracted . | . . . . . Installed . | . . . . . Triggered 1 | . . 1 . . Machines | -11 -10 -10 -10 -9 ---------- Run | Scr Mat Min Exi Min Machines Disabled 9 | . 9 . . . Max in Single Turn 9 | . 9 . . . Machines Sabotaged . | . . . . . Garrisons Compromised . | . . . . . Overloaded Fab Kills . | . . . . . Fab Network Shutdowns . | . . . . . Hacking | -11 -10 -10 -10 -9 --------- Run | Scr Mat Min Exi Min Machines Accessed 3 | . 1 . 2 . Terminals 1 | . 1 . . . Fabricators . | . . . . . Repair Stations . | . . . . . Recycling Units . | . . . . . Scanalyzers . | . . . . . Garrison Access . | . . . . . Total Hacks 35 | . 4 . 31 . Successful 34 | . 3 . 31 . Failed 1 | . 1 . . . Catastrophic . | . . . . . Database Lockouts . | . . . . . Manual . | . . . . . Terminals 4 | . 4 . . . Fabricators . | . . . . . Repair Stations . | . . . . . Recycling Units . | . . . . . Scanalyzers . | . . . . . Garrison Access . | . . . . . Terminal Hacks 34 | . 3 . 31 . Record 31 | . . . 31 . Prototype ID Bank 1 | . 1 . . . Emergency Access Points 1 | . 1 . . . Hauler Manifests 1 | . 1 . . . Fabricator Hacks . | . . . . . Repair Station Hacks . | . . . . . Recycling Unit Hacks . | . . . . . Scanalyzer . | . . . . . Garrison Access Hacks . | . . . . . Unauthorized Hacks . | . . . . . Terminals . | . . . . . Fabricators . | . . . . . Repair Stations . | . . . . . Recycling Units . | . . . . . Scanalyzers . | . . . . . Garrison Access . | . . . . . Data Cores Recovered . | . . . . . Used . | . . . . . Hacking Detections 1 | . 1 . . . Full Trace Events 1 | . 1 . . . Feedback Events . | . . . . . Feedback Blocked . | . . . . . Robot Schematics Acquired . | . . . . . Robots Built . | . . . . . Matter . | . . . . . Time . | . . . . . Total Robot Build Rating . | . . . . . Part Schematics Acquired . | . . . . . Parts Built . | . . . . . Matter . | . . . . . Time . | . . . . . Total Part Build Rating . | . . . . . Parts Repaired . | . . . . . Time . | . . . . . Parts Recycled . | . . . . . Recycled Matter . | . . . . . Retrieved Matter . | . . . . . Retrieved Components . | . . . . . Parts Scanalyzed . | . . . . . Part Schematics Acquired . | . . . . . Parts Damaged . | . . . . . Bothacking | -11 -10 -10 -10 -9 ------------ Run | Scr Mat Min Exi Min Used RIF Installer . | . . . . . Robots Hacked . | . . . . . Non-combat . | . . . . . Combat . | . . . . . Robot Hacks Applied . | . . . . . Relay Couplers Released . | . . . . . Robots Rewired . | . . . . . Allies Hacked . | . . . . . Hacks Repelled . | . . . . . Allies | -11 -10 -10 -10 -9 -------- Run | Scr Mat Min Exi Min Total Allies . | . . . . . Largest Group . | . . . . . Highest-Rated Group . | . . . . . Highest-Rated Ally . | . . . . . Total Orders . | . . . . . Ally Attacks . | . . . . . Total Damage . | . . . . . Kills . | . . . . . Allies Corrupted . | . . . . . Allies Melted . | . . . . . Intel | -11 -10 -10 -10 -9 ------- Run | Scr Mat Min Exi Min Robot Analysis Total . | . . . . . Derelict Logs Recovered 1 | . . 1 . . Drone Launches . | . . . . . Drone Recoveries . | . . . . . Exploration | -11 -10 -10 -10 -9 ------------- Run | Scr Mat Min Exi Min Turns Passed 1800 | 58 135 558 832 217 Spaces Moved 1051 | 40 69 305 521 116 Core 27 | 17 . . . 10 Treads 1024 | 23 69 305 521 106 Legs . | . . . . . Wheels . | . . . . . Hover . | . . . . . Flight . | . . . . . Fastest Speed 50 | 50 160 160 160 150 Average Speed 158 | 113 160 160 160 159 Slowest Speed 160 | 160 160 160 160 160 Overloaded Moves . | . . . . . Propulsion Burnouts . | . . . . . Robots Hopped . | . . . . . Cave-ins Triggered . | . . . . . Exploration Rate (%) 44 | 3 30 64 90 34 Regions Visited 4 Branch Regions 3 Pre-discovered Areas 2 | . . 1 1 . Known Exits Taken . | . . . . . Unknown Exits Taken 4 | 1 1 1 1 . Scrap Searched 4 | . . 4 . . Spaces Dug . | . . . . . Terrain Destroyed 131 | . 32 38 . 61 Melee . | . . . . . Projectile . | . . . . . AOE 131 | . 32 38 . 61 Actions | -11 -10 -10 -10 -9 --------- Run | Scr Mat Min Exi Min Total 1134 | 53 84 347 520 130 Wait 4 | . 4 . . . Move 1047 | 39 68 304 520 116 Hop . | . . . . . Pick Up 24 | 8 5 10 . 1 Fast Attach . | . . . . . Attach 10 | 6 1 3 . . Detach . | . . . . . Swap 4 | . . 4 . . Drop 9 | . . 9 . . Fire 35 | . 6 16 . 13 Melee . | . . . . . Ram . | . . . . . Kick . | . . . . . Crush 1 | . . 1 . . Escape Stasis . | . . . . . Rewire . | . . . . . Trap . | . . . . . Miscellaneous . | . . . . . Route ------- -11/Scrapyard -10/Materials -10/Mines (discovered 3 exits: [*Mat x2] / *Exi) -10/Exiles -9/Mines History --------- Turn | Location | Event 5 | -11/Scrapyard | Discovered new exit (range 16) 59 | -11/Scrapyard | Entered Materials 154 | -10/Materials | Discovered new exit (range 16) 194 | -10/Materials | Entered Mines 253 | -10/Mines | Discovered new exit (range 15) 293 | -10/Mines | Learned location of Storage (-8) 312 | -10/Mines | Joined a pair of Derelicts in attacking an 0b10 outpost 316 | -10/Mines | Build established: Mutant 449 | -10/Mines | Discovered new exit (range 9) 743 | -10/Mines | Deemed a non-threat by the Exiles lab entrance 743 | -10/Mines | Discovered new exit (range 5) 752 | -10/Mines | Entered Exiles 752 | -10/Exiles | Found Exiles lab destroyed 1165 | -10/Exiles | Learned location of Zion (-7) 1210 | -10/Exiles | Discovered new exit (range 14) 1584 | -10/Exiles | Entered Mines 1779 | -9/Mines | Core integrity fell below 50% 1794 | -9/Mines | Core integrity fell below 20% 1801 | -9/Mines | Destroyed by G-34 Mercenary with Small Laser Last Messages --------------- Acquired Lgt. Ion Engine. The unstable cave ceiling collapses. U-05 Engineer lays Concrete. ALERT: Construction progress impeded, dispatching reinforcements to local area. Destroyed Wheel. U-05 Engineer destroyed. Ion Engine destroyed. Destroyed Ion Engine. U-05 Engineer lays Concrete. U-05 Engineer destroyed. Grenade Launcher destroyed. The unstable cave ceiling collapses. Acquired 4 matter. K-01 Serf collects debris. Lgt. Assault Rifle destroyed. Lgt. Treads destroyed. System corrupted by crushing effect (+2). R-06 Scavenger collects Terrain Scan Processor. K-01 Serf collects debris. Map ----- +----------------------------------------------------+ | ????????????????????????????????? #???????? ?? | | ?????????????????????????????????# #???????? #?? | | ????????????????????????????###### ####????? #?? | | ?????????????????????????#### # #????? #?? | | ?????????????????#??###### # # # #????? #?? | | ?????????????????# ?# * # ##???? #?? | | ???????????????### # ##### #?? | | ???????????????? ?????# #?? | | ????????????????? ????#### """ ### ###?? | | ??????????????????# ????#### """ #?# #??## | | ???????????????????# ??## """ #### ### | | ???????????????????# ###k ### | | ??????????????????## k ### | | ???????????????#### ##### | | ?????????? ##???# | | ?????????? # ###????# """ | | ???????????? ##### #?## ####??????# ## """ | | ??????????????????????# #?????????# #?## """ | | ??????????????????????## g ##????????##???# | | ???????????????????????## ##????????????## | | ????????????????????????# ##????????????# | | ?????????????##?????????#g ##???????????# | | ?????????????# ###### b ##?????????## | | ?????????????# ##???????## | | ?????????? #??????## | | ?????????? ######@ ## #?????# # | | ???????????? ???????## ##?## #????# # | | ?????????????????????????## #????# #????## ## | | ??????????????????????????# #????# ##?????### #? | | ??????????????????????????# #?????##????????# #? | | ??????????????????????????# #???????????????# #? | | ?????????????????????????? ##???????????????# #? | | ?????????????????????????? #????????????????# #? | | ?????????????????????????? ##????????????????# #? | | ??????????????????????????#??????????????????# #? | | ?????????????????????????????????????????????# #? | | ?????????????????????????????????????????????# ## | | ????????????????????????????????????????????## ## | | ????????????????????????????????????????????# # | | ?????????????????????????????????????????#### | | ???????????????????????????????????????### ## | | ???????????????????????????????????????# | | ???????????????????????????????????????# | | ???????????????????????????????????????# # # # | | ???????????????????????????????????????# # | | ???????????????????????????????????????# ### # | | ???????????????????????????????????##### #?# #### | | ??????????????????????????????????## ### #??? | | ??????????????????????????????????# #??? | | ??????????????????????????????????# #####??? | +----------------------------------------------------+ Best States ------------- Heat Dissipation 25 Energy Generation 10 Energy Capacity 250 Matter Stores 300 Matter Capacity 300 Sight Range 16 Terrain Scan Density 10 Evasion (%) 50 Recoil Reduction 2 Item Schematics ----------------- None Robot Schematics ------------------ None Fabricated ------------ Nothing Alien Tech Used ----------------- None Achievements -------------- Librarian Challenges ------------ None Game ------ Seed SpreadSensorMegatreads Manual? 0 Play Time 00:16:26 Cumulative 10.0 hours Start 2019.10.27 @ 17:52:54 End 2019.10.30 @ 01:02:09 Sessions 3 Manual Loads 0 Difficulty Rogue Special Mode None Game No. 18 Rogue 18 Adventurer 0 Explorer 0 Win Type - Total 0 Types 0/0/0/0/0/0/0 Lore% 17 Gallery% 18 Achievement% 13 Wizard Run 0 Options --------- ASCII 0 Keyboard 0 Movement Mouse Keybinds 0 Fullscreen 1 Font 18/SmallcapsGlow Map View 76x50 Tactical HUD 0 Map Filters NONE Filters NONE Steam 1 RUN: bba251b6-8f75-4812-ae1a-a2ca48cd122e